 Dungeon Crawl Stone Soup version 0.26-a0-651-gb41185065b (webtiles) character file.

Game seed: 1190380301784036792

613 mordus the Cudgeler (level 7, -6/41 HPs)
             Began as a Gargoyle Fighter on Sept 30, 2020.
             Was an Initiate of Okawaru.
             Mangled by an ogre
             ... wielding a +0 giant club
              (9 damage)
             ... on level 4 of the Dungeon.
             The game lasted 00:14:41 (4054 turns).

mordus the Cudgeler (Gargoyle Fighter)              Turns: 4054, Time: 00:14:41

Health: -6/41      AC: 12    Str: 22    XL:     7   Next: 44%
Magic:  7/7        EV:  7    Int:  8    God:    Okawaru [......]
Gold:   236        SH: 10    Dex:  9    Spells: 6/6 levels left

rFire    . . .     SeeInvis .   a - +0 flail
rCold    . . .     Faith    .   c - +0 kite shield
rNeg     + . .     Spirit   .   b - +0 scale mail
rPois    ∞         Reflect  .   (no helmet)
rElec    +         Harm     .   (no cloak)
rCorr    .         Rampage  .   (no gloves)
MR       .....                  (no boots)
Stlth    ..........             (no amulet)
HPRegen  0.13/turn              (no ring)
MPRegen  0.10/turn              (no ring)

@: no status effects
A: negative energy resistance 1, electricity resistance, unbreathing,
petrification resistance, rot immunity, AC +4
a: Renounce Religion


You were on level 4 of the Dungeon.
You worshipped Okawaru.
Okawaru was noncommittal.
You visited 2 branches of the dungeon, and saw 5 of its levels.

You collected 236 gold pieces.

Inventory:

Hand Weapons
 a - a +0 flail (weapon)
Armour
 b - a +0 scale mail (worn)
 c - a +0 kite shield (worn)
Scrolls
 e - 6 scrolls of identify {unknown}
 h - 5 scrolls of teleportation {unknown}
 i - 7 scrolls of remove curse {unknown}
 j - 2 scrolls of amnesia {unknown}
Potions
 d - a potion of might
 g - 3 potions of lignification {unknown}
 k - a potion of brilliance {unknown}
 l - 2 potions of mutation {unknown}
 m - 2 potions of flight {unknown}
 n - a potion of curing {unknown}
 o - a potion of stabbing {unknown}
 p - a potion of cancellation {unknown}
 q - a potion of ambrosia {unknown}
 r - a potion of resistance {unknown}
 s - a potion of heal wounds {unknown}


   Skills:
 - Level 3.2 Fighting
 * Level 5.9 Maces & Flails
 + Level 5.3 Armour
 + Level 5.3 Shields


You had 6 spell levels left.
You didn't know any spells.
Your spell library contained the following spells:

 Spells                   Type           Power        Failure   Level
 Beastly Appendage        Tmut           #.....       98%         1
 Wereblood                Tmut           #.......     99%         2
 Spider Form              Tmut/Pois      #.........   100%        3
 Ice Form                 Ice/Tmut       #.......     100%        4
 Blade Hands              Tmut           #.........   100%        5


Dungeon Overview and Level Annotations

Branches:
Dungeon (4/15)             Temple (1/1) D:4

Altars:
Ashenzari
Elyvilon
Gozag
Hepliaklqana
Kikubaaqudgha
Makhleb
Nemelex Xobeh
Okawaru
Ru
Sif Muna
Trog
Vehumet
Wu Jian
Xom
Yredelemnul
Zin
The Shining One


Innate Abilities, Weirdness & Mutations

You are resistant to torment.
Your stone body is resilient. (AC +4)
You are immune to poison.
You resist negative energy. (rN+)
You are resistant to electric shocks. (rElec)
You can survive without breathing.
You are immune to petrification.
You are immune to rotting.


Message History

You block the quokka's attack. The quokka misses you.
You closely miss the quokka.
The quokka is lightly wounded.
The quokka barely misses you.
You closely miss the quokka.
The quokka is lightly wounded.
The quokka bites you but does no damage. x2
You sock the quokka!
You kill the quokka!
You hit the ogre but do no damage. The ogre hits you with a +0 giant club!
You barely miss the ogre. You block the ogre's attack.
You hit the ogre.
The ogre is lightly wounded.
The ogre hits you with a +0 giant club!!
Ouch! That really hurt!
* * * LOW HITPOINT WARNING * * *
You hit the ogre but do no damage.
The ogre is lightly wounded.
The ogre hits you with a +0 giant club!
You die...

...)....#......#
#.###.#.##
#..............#
#.###.#.#
#.#.##.##.######
#.##..#.#
..#.......# ###
#.##.##.#
######.#######..
#.....>.#
######.# ....
####.####
.......### #..
#.# #####.##_#
#O######.#
#######..###
#.@......# ...#
#..#..#
########## ##.#
#.#...#
##.###...#.#
.....##.#.##
##.###.#...# #.#
#...#.# #(#
#..#..#
#.#####..##


You could see an ogre.

Vanquished Creatures
  Menkaure (D:4)
  An ogre (D:3)
  A scorpion (D:4)
  2 orc priests (D:3)
  3 orc wizards (D:3)
  3 gnolls (D:2)
  4 adders
  2 oozes
  A worm (D:2)
  3 dart slugs
  2 leopard geckos (D:4)
  21 orcs
  3 ball pythons
  3 giant cockroaches
  4 goblins
  9 hobgoblins
  20 jackals
  5 quokkas
  8 bats
  4 frilled lizards
  8 kobolds
  6 rats
  A spectral orc (D:4)
115 creatures vanquished.

Vanquished Creatures (others)
  An adder (D:3)
  2 orcs (D:3)
  A bat (D:3)
  A rat (D:3)
5 creatures vanquished.

Grand Total: 120 creatures vanquished

Notes
Turn   | Place    | Note
-------+----------+-------------------------------------------
     0 | D:1      | mordus the Gargoyle Fighter began the quest for the Orb.
     0 | D:1      | Reached XP level 1. HP: 14/14 MP: 1/1
   177 | D:1      | Reached XP level 2. HP: 19/19 MP: 2/2
   626 | D:1      | Reached XP level 3. HP: 23/23 MP: 3/3
   844 | D:1      | Found a shimmering altar of Xom.
  1148 | D:2      | Reached XP level 4. HP: 25/28 MP: 4/4
  1453 | D:2      | Found a faded altar of an unknown god.
  1998 | D:3      | Reached XP level 5. HP: 32/32 MP: 5/5
  2058 | D:3      | Found a radiant altar of Vehumet.
  2469 | D:3      | Found a broken altar of Ashenzari.
  2469 | D:3      | Found a sacrificial altar of Ru.
  2491 | D:3      | Reached XP level 6. HP: 37/37 MP: 6/6
  2710 | D:3      | Found a shimmering altar of Xom.
  2712 | D:3      | Found a hazy altar of Hepliaklqana.
  2713 | D:3      | Noticed a spectral ugly thing
  3001 | D:3      | Reached skill level 5 in Maces & Flails
  3275 | D:4      | Reached skill level 5 in Shields
  3439 | D:4      | Found a staircase to the Ecumenical Temple.
  3446 | D:4      | Reached skill level 5 in Armour
  3457 | Temple   | Entered the Ecumenical Temple
  3536 | Temple   | Became a worshipper of Warmaster Okawaru
  3682 | D:4      | Found a sparkling altar of Nemelex Xobeh.
  3740 | D:4      | Found a basalt altar of Yredelemnul.
  3781 | D:4      | Reached XP level 7. HP: 41/41 MP: 7/7
  3854 | D:4      | Noticed Menkaure
  3868 | D:4      | Killed Menkaure
  4054 | D:4      | Mangled by an ogre

Illustrated notes

Levels and vault maps discovered:
D:1:      evilmike_arrival_crescent, layout_loops_ring, xom_teletrap_fun
D:2:      layout_loops_ring, chequers_ecumenical_altar_grove,
          minmay_tiny_reverse_x
D:3:      layout_loops_ring, regret_index_temple_of_mockery,
          fiery_altar_vehumet, grunt_temple_overflow_open
D:4:      layout_loops_cross, marbit_many_paths,
          yredelemnul_forgotten_temple_becter, minmay_temple_entry_slanted,
          uniq_menkaure
Temple:   eino_temple_lava

Skill      XL: |  1  2  3  4  5  6 |
---------------+-------------------+-----
Maces & Flails | 3 4 5 |  5.9
Shields        | 4 5 |  5.3
Armour         | 4 5 |  5.3
Fighting       | |  3.2

Action                   |  1- 3 |  4- 6 |  7- 9 || total
-------------------------+-------+-------+-------++-------
Melee: Flail             |   175 |   294 |    45 ||   514
  Use: Potion            |       |       |     1 ||     1
Armor: Scale mail        |   118 |   131 |    17 ||   266
Dodge: Dodged            |    77 |    71 |    10 ||   158
Block: Kite shield       |   120 |   163 |    15 ||   298

Table legend: (Time is in decaauts)
 A = Elapsed time spent in this place.
 B = Non-inter-level travel time spent in this place.
 C = Inter-level travel time spent in this place.
 D = Time resting spent in this place.
 E = Time spent auto-exploring this place.
 F = Levels seen in this place.
 G = Mean time per level.
                   A        B        C        D        E       F      G
               +--------+--------+--------+--------+--------+-----+--------+
         Total |   4209 |   4140 |     69 |    607 |   2410 |   5 |  841.8 |
       Dungeon |   4120 |   4051 |     69 |    607 |   2346 |   4 | 1030.0 |
        Temple |     89 |     89 |      0 |      0 |     64 |   1 |   89.0 |
               +--------+--------+--------+--------+--------+-----+--------+

Top non-repeatable levels by time:
     D:3: 1339 daAuts
     D:1: 1155 daAuts
     D:2: 878 daAuts
     D:4: 746 daAuts
  Temple: 89 daAuts
